 Dungeon Crawl Stone Soup version 0.18-a0-33-g9e10395 (webtiles) character file.

49 MrRokkomies the Sneak (level 4, 0/34 HPs)
             Began as a Formicid Assassin on Nov 5, 2015.
             Was an Initiate of Okawaru.
             Slain by a centaur zombie (1 damage)
             ... on level 6 of the Dungeon.
             The game lasted 00:02:24 (580 turns).

MrRokkomies the Sneak (Formicid Assassin)            Turns: 580, Time: 00:02:25

Health: 0/34       AC:  3    Str: 16    XL:     4   Next: 1%
Magic:  4/4        EV: 11    Int: 11    God:    Okawaru [......]
Gold:   26         SH:  0    Dex: 12    Spells: 0 memorised, 3 levels left

rFire  . . .     SeeInvis +     a - +2 dagger
rCold  . . .     Clarity  .     c - +0 robe
rNeg   . . .     SustAt   .     (no shield)
rPois  .         Gourm    .     (helmet unavailable)
rElec  .         Spirit   .     d - +0 cloak
rCorr  .         Warding  .     (no gloves)
rMut   .         Stasis   +     (no boots)
MR     .....                    (no amulet)
Stlth  +++.......               (no ring)
                                (no ring)

@: not resistant to hostile enchantments, fairly stealthy
A: permanent stasis, dig shafts and tunnels, four strong arms, antennae 3
a: Dig, Shaft Self, Renounce Religion


You were on level 6 of the Dungeon.
You worshipped Okawaru.
Okawaru was noncommittal.
You were not hungry.

You visited 2 branches of the dungeon, and saw 5 of its levels.

You collected 26 gold pieces.

Inventory:

Hand Weapons
 a - a +2 dagger (weapon)
 b - a +0 blowgun
 i - a cursed -2 mace
Missiles
 e - 7 poisoned needles
 f - 2 curare-tipped needles
Armour
 c - a +0 robe (worn)
 d - a +0 cloak (worn)
Scrolls
 k - a scroll of fog {unknown}
Potions
 j - a potion of heal wounds {unknown}
Comestibles
 g - a bread ration


   Skills:
 + Level 2.4 Fighting
 + Level 2.0 Short Blades
 + Level 1.7 Throwing
 + Level 0.8 Dodging
 + Level 6.4 Stealth


You had 3 spell levels left.
You didn't know any spells.

Dungeon Overview and Level Annotations

Branches:
Dungeon (6/15)             Temple (1/1) D:4

Altars:
Ashenzari
Cheibriados
Elyvilon
Fedhas
Makhleb
Okawaru
Qazlal
Ru
Sif Muna
Trog
Vehumet
Yredelemnul
Zin
The Shining One

Annotations:
D:4 Eustachio


Innate Abilities, Weirdness & Mutations

You are under a permanent stasis effect.
You can dig through walls and to a lower floor.
Your four strong arms can wield two-handed weapons with a shield.
You have a pair of large antennae on your head (SInv).


Message History

You hit the centaur zombie. The centaur zombie closely misses you.
The centaur zombie hits you.
You hit the centaur zombie. The centaur zombie hits you.
You hit the centaur zombie. The centaur zombie hits you.
You hit the centaur zombie. The centaur zombie closely misses you.
You hit the centaur zombie. The centaur zombie barely misses you.
You hit the centaur zombie but do no damage.
The centaur zombie closely misses you.
You hit the centaur zombie. The centaur zombie closely misses you.
The centaur zombie hits you.
You barely miss the centaur zombie. The centaur zombie barely misses you.
You hit the centaur zombie. The centaur zombie hits you.
You hit the centaur zombie. The centaur zombie hits you!
* * * LOW HITPOINT WARNING * * *
The centaur zombie barely misses you.
The centaur zombie hits you but does no damage.
The centaur zombie hits you.
* * * LOW HITPOINT WARNING * * *
The centaur zombie hits you.
You die...

.#######.##.#
##.....#
##...#..#
##..#....######
#
#..###........#
###.
#...#...###.#.#
.....##.#.....#
#.#
#.......Z.....#
#...#
#...##@#.....#
#..## #
#.#.....# #..#
#.###.### #..#
#.# #.# #..#
... ..# #..#
#.# ..# #..#
#.# ... ..#


You could see a centaur zombie.

Vanquished Creatures
  2 worker ants (D:4)
  A giant newt (D:4)
3 creatures vanquished.

Notes
Turn   | Place    | Note
--------------------------------------------------------------
     0 | D:1      | MrRokkomies the Formicid Assassin began the quest for the Orb.
     0 | D:1      | Reached XP level 1. HP: 16/16 MP: 1/1
     3 | D:1      | You fall through a shaft!
     6 | D:2      | You fall through a shaft for 2 floors!
     6 | D:4      | Found a staircase to the Ecumenical Temple.
    10 | Temple   | Entered the Ecumenical Temple
   253 | Temple   | Became a worshipper of Warmaster Okawaru
   305 | D:4      | Noticed a worker ant
   316 | D:4      | Killed a worker ant
   316 | D:4      | Reached skill level 5 in Stealth
   316 | D:4      | Reached XP level 2. HP: 21/23 MP: 2/2
   316 | D:4      | Reached XP level 3. HP: 25/28 MP: 3/3
   456 | D:4      | Reached skill level 6 in Stealth
   456 | D:4      | Reached XP level 4. HP: 34/34 MP: 4/4
   494 | D:4      | Noticed Eustachio
   533 | D:4      | You fall through a shaft for 2 floors!
   554 | D:6      | Noticed a centaur zombie
   577 | D:6      | HP: 1/34 [centaur zombie (6)]
   580 | D:6      | Slain by a centaur zombie

Vault maps used:
D:1:      eino_arrival_cavern_d
D:2:      lemuel_old_faithful, uniq_terence
D:4:      minmay_temple_entry_overgrown, serial_shops, nicolae_shop_crystal,
          uniq_eustachio
D:6:      nicolae_overflow_crystal_walls, nicolae_overflow_hidden_temple
Temple:   minmay_temple_curvy_14

Action                   |  1- 3 |  4- 6 || total
-------------------------+-------+-------++-------
Melee: Dagger            |     2 |    14 ||    16
 Fire: Blowgun           |     1 |     6 ||     7
 Abil: Shaft Self        |     2 |     1 ||     3
 Stab: Sleeping          |     3 |     1 ||     4
